Map: Orbital Shipyard

Players

wabbajack - Winner!

  • Race: Zerg Zerg
  • League: Grandmaster

mellamoMud

  • Race: Protoss Protoss
  • League: Grandmaster

VOD

Have the link to the VOD?

Description

Time

  • Played on: July 15, 2015, 9:21 p.m.
  • Length: 6:05
Show
View Real Time Build Order
Export as new Build Order

wabbajack Zerg - Winner!

Build Orders: Hatch First 

Get SALT Encoding   

  12  0:01  Drone  
  13  0:18  Overlord  
  13  0:20  Drone  
  14  0:26  Extractor  
  14  0:27  Drone, Extractor  
  13  0:31  Drone  
  16  0:44  Drone  
  17  0:57  Hatchery  
  17  1:01  Drone  
  17  1:05  Extractor  
  16  1:22  Spawning Pool  
  16  1:25  Drone x3  
  19  1:40  Drone  
  19  2:04  Overlord  
  19  2:10  Queen x2  
  19  2:12  Metabolic Boost  
  23  2:18  Zergling x2  
  23  2:19  Drone x3  
  23  2:22  Drone  
  28  2:44  Roach Warren  
  27  2:52  Drone  
  27  2:53  Drone x5  
  27  2:57  Pneumatized Carapace, Extractor  
  32  3:34  Overlord x2  
  31  3:54  Roach x8  
  47  3:58  Overlord x2  
  47  4:08  Overlord  
  47  4:12  Zergling x6  
  47  4:13  Zergling x4  
  53  4:17  Zergling x6  
  55  4:30  Overlord x2  
  55  4:35  Zergling x4  
  57  4:47  Zergling x2  
  57  4:48  Zergling x16  
  66  5:10  Zergling x2  
  66  5:11  Zergling x12  
  61  5:45  Hatchery  
Show
View Real Time Build Order
Export as new Build Order

mellamoMud Protoss 

Build Orders:  

Get SALT Encoding   

  12  0:02  Probe  
  13  0:14  Probe  
  14  0:22  Pylon  
  14  0:39  Assimilator  
  14  0:43  Gateway  
  14  0:44  Probe (Chrono Boost)  
  15  0:54  Probe (Chrono Boost)  
  16  1:01  Probe (Chrono Boost)  
  18  1:12  Probe (Chrono Boost)  
  18  1:19  Probe (Chrono Boost)  
  19  1:30  Probe (Chrono Boost)  
  20  1:34  Cybernetics Core  
  20  1:36  Pylon  
  20  1:38  Assimilator  
  20  1:42  Probe (Chrono Boost)  
  21  1:49  Probe (Chrono Boost)  
  22  2:10  Warp Gate (Chrono Boost)  
  22  2:12  Mothership Core (Chrono Boost)  
  24  2:26  Probe (Chrono Boost)  
  25  2:45  Nexus  
  25  2:56  Pylon  
  25  3:00  Pylon  
  25  3:02  Robotics Facility  
  25  3:05  Gateway  
  25  3:06  Adept  
  27  3:38  Gateway  
  27  3:42  Pylon  
  27  3:49  Observer  
  28  3:59  Probe, Pylon  
  28  4:00  Probe  
  30  4:10  Warp Prism (Chrono Boost)  
  30  4:11  Probe  
  30  4:12  Pylon  
  33  4:23  Forge  
  33  4:25  Gateway  
  33  4:26  Probe (Chrono Boost)  
  35  4:31  Probe (Chrono Boost)  
  35  4:37  Probe (Chrono Boost)  
  37  4:39  Probe (Chrono Boost)  
  37  4:46  Immortal (Chrono Boost)  
  37  4:49  Zealot  
  43  4:53  Sentry x2  
  47  5:07  Pylon  
  47  5:08  Pylon  
  47  5:12  Adept  
  49  5:19  Immortal (Chrono Boost)  
  21  5:41  Zealot x2  
  21  5:44  Zealot  
Tags
 
Add a new tag
Caveats
  • Supply blocks, unpowered buildings, or Contaminate may cause inaccurate times.
  • Supply counts are checked every 10 seconds.